 Dungeon Crawl Stone Soup version 0.30-a0-883-g5ad918d77d (webtiles) character file.

Game seed: 16754557589449231882

557 ooooo the Destroyer (level 7, 42/46 HPs)
             Began as a Demonspawn Conjurer on Mar 15, 2023.
             Quit the game on level 5 of the Dungeon on Mar 16, 2023.
             The game lasted 00:09:31 (4586 turns).

ooooo the Destroyer (Demonspawn Conjurer)           Turns: 4586, Time: 00:09:32

Health: 42/46      AC:  6    Str:  8    XL:     7   Next: 9%
Magic:  6/10       EV: 11    Int: 29    God:
Gold:   311        SH:  0    Dex: 17    Spells: 7/10 levels left

rFire   . . .      SeeInvis .    A - +1 war axe "Wats" {flame, Fly rElec Will- Int+2}
rCold   . . .      Faith    .    (no shield)
rNeg    . . .      Spirit   .    E - +0 leather armour
rPois   .          Reflect  .    f - +0 helmet
rElec   +          Rampage  .    C - +0 cloak
rCorr   .                        (no gloves)
Will    .....                    m - +0 pair of boots
Stlth   ++                       I - amulet of magic regeneration
HPRegen 0.27/turn                y - +6 ring of intelligence
MPRegen 0.52/turn                H - +6 ring of dexterity

@: flying
A: powered by death 2, spiny 1, weakness stinger 2
a: no special abilities


You were on level 5 of the Dungeon.
You visited 1 branch of the dungeon, and saw 5 of its levels.

You collected 311 gold pieces.

Inventory:

Hand Weapons
 s - a +0 short sword
 v - a +2 hand axe of flaming
 A - the +1 war axe "Wats" (weapon) {flame, Fly rElec Will- Int+2}
   (You found it on level 3 of the Dungeon)

   Int:       It affects your intelligence (+2).
   rElec:     It insulates you from electricity.
   Fly:       It grants you flight.
   Will:      It decreases your willpower.
 B - a +1 dagger of draining
Missiles
 b - 3 curare-tipped darts
 l - 10 poisoned darts
 w - 3 silver javelins
Armour
 c - a +0 buckler
 f - a +0 helmet (worn)
 m - a +0 pair of boots (worn)
 C - a +0 cloak (worn)
 E - a +0 leather armour (worn)
Magical Staves
 h - a staff of death
Jewellery
 a - a ring of fire
 y - a +6 ring of intelligence (left hand)
 z - an amulet of guardian spirit
 H - a +6 ring of dexterity (right hand)
 I - an amulet of magic regeneration (around neck)
Scrolls
 d - 2 scrolls of enchant armour {unknown}
 e - 3 scrolls of teleportation
 g - a scroll of noise {unknown}
 i - 2 scrolls of blinking {unknown}
 j - 2 scrolls of amnesia {unknown}
 k - 3 scrolls of identify {unknown}
 p - a scroll of enchant weapon {unknown}
 q - a scroll of immolation {unknown}
 x - a scroll of silence {unknown}
 G - 2 scrolls of poison {unknown}
 K - a scroll of fear {unknown}
Potions
 n - 2 potions of cancellation
 o - 2 potions of mutation {unknown}
 r - 3 potions of lignification {unknown}
 t - a potion of curing {unknown}
 u - 3 potions of degeneration {unknown}
 D - a potion of magic
 F - a potion of brilliance {unknown}
 J - 2 potions of flight {unknown}
 L - a potion of might {unknown}


   Skills:
 - Level 1.7 Dodging
 - Level 1.7 Stealth
 - Level 2.0 Spellcasting
 + Level 8.6 Conjurations


You had 7 spell levels left.
You knew the following spells:

 Your Spells              Type           Power      Damage    Failure   Level
a - Searing Ray           Conj           100%       2d8       1%          2
b - Magic Dart            Conj           100%       1d8       1%          1

Your spell library contained the following spells:

 Spells                   Type           Power      Damage    Failure   Level
 Dazzling Flash           Conj/Hex       56%        N/A       6%          3
 Hailstorm                Conj/Ice       28%        3d8       6%          3
 Flame Wave               Conj/Fire      28%        2d9       21%         4
 Fulminant Prism          Conj/Hex       14%        3d9       21%         4
 Iskenderun's Mystic Bla  Conj/Tloc      28%        2d7       21%         4
 Sticky Flame             Conj/Fire      28%        2d5       21%         4
 Inner Flame              Hex/Fire       2%         N/A       36%         3
 Ice Form                 Ice/Tmut       2%         N/A       77%         4
 Passage of Golubria      Tloc           2%         N/A       77%         4
 Summon Ice Beast         Ice/Summ       2%         N/A       77%         4
 Silence                  Hex/Air        1%         N/A       98%         5
 Summon Mana Viper        Hex/Summ       2%         N/A       98%         5
 Simulacrum               Ice/Necr       1%         N/A       100%        6
 Monstrous Menagerie      Summ           1%         N/A       100%        7
 Lehudib's Crystal Spear  Conj/Erth      14%        10d5      100%        8


Dungeon Overview and Level Annotations

Branches:
Dungeon (5/15) Zot: 25367
 Temple: D:4-7

Altars:
Dithmenos
Uskayaw
Wu Jian


Innate Abilities, Weirdness & Mutations

You regenerate health from kills.
You are partially covered in sharp spines.
You have a tail ending in a sharp stinger.


Message History

The orc closely misses you.
Casting: Searing Ray (safe; 1% risk of failure)
Confirm with . or Enter, or press ? or * to list all spells.
Aiming: Searing Ray (safe; 1% risk of failure)
Press: ? - help, Shift-Dir - straight line, f - orc
Aim: an orc, wielding a +0 hand axe, wearing a +0 ring mail and quivering boomerangs (severely wounded, 85% to hit)
The searing ray hits the orc.
You kill the orc!
The searing ray hits the orc!
You kill the orc! (Press . to maintain the ray.)
Items here: ( )) [.
Things that are here:
a +0 club; a boomerang; a +0 club
e - 3 scrolls of teleportation (gained 1)
Found a stone staircase leading down.
You now have 311 gold pieces (gained 9).
G - 2 scrolls labelled HOJ KIH JUMU (gained 1)
k - 3 scrolls labelled SEWAOCWUSCHO (gained 1)
d - 2 scrolls labelled GECEAS DIMA (gained 1)
A scorpion comes into view.
Casting: Searing Ray (safe; 1% risk of failure)
Confirm with . or Enter, or press ? or * to list all spells.
Aiming: Searing Ray (safe; 1% risk of failure)
Press: ? - help, Shift-Dir - straight line, f - scorpion
Aim: a scorpion (83% to hit)
The searing ray hits the scorpion.
The scorpion is moderately wounded. (Press . to maintain the ray.) Unknown command.
The searing ray hits the scorpion!
The scorpion is almost dead.
The scorpion stings you. x2
Unknown command.
The searing ray hits the scorpion.
You kill the scorpion!
You have reached level 7!
Your demonic ancestry asserts itself...
Sharp spines emerge from parts of your body.
Are you sure you want to abandon this character and quit the game? (Confirm with "yes".)

#.. ##.
#.# ##.
## #####
# ...# #
#.## #
#.@# ##
#.#..# #.
#.##.# #.
#..##.#
...#####.
#...###
.........
#..#..#
##.#####.
#...#.#
#.
#....##
##
#.#...# #


There were no monsters in sight!

Vanquished Creatures
  Menkaure (D:4)
  An ogre (D:5)
  A kobold brigand (D:3)
  2 scorpions
  Terence (D:3)
  An orc wizard (D:4)
  4 adders
  2 worms (D:3)
  A dart slug (D:3)
  7 orcs
  5 bats
  8 endoplasms
  2 giant cockroaches (D:1)
  4 goblins
  11 hobgoblins
  A jackal (D:2)
  13 kobolds
  A quokka (D:3)
  3 ball pythons (D:1)
  3 frilled lizards
  A rat (D:3)
73 creatures vanquished.

Vanquished Creatures (others)
  A fungus (D:3)
  2 plants (D:3)
3 creatures vanquished.

Grand Total: 76 creatures vanquished

Notes
Turn   | Place    | Note
-------+----------+-------------------------------------------
     0 | D:1      | ooooo the Demonspawn Conjurer began the quest for the Orb.
     0 | D:1      | Reached XP level 1. HP: 13/13 MP: 3/3
   227 | D:1      | Gained mutation: You regenerate a little health from kills.
                  | [demonic ancestry]
   227 | D:1      | Reached XP level 2. HP: 18/19 MP: 5/5
   230 | D:1      | Learned a level 2 spell: Searing Ray
  1005 | D:2      | Reached skill level 5 in Conjurations
  1005 | D:2      | Gained mutation: You have a small tail. [demonic ancestry]
  1005 | D:2      | Reached XP level 3. HP: 3/24 MP: 0/6
  1171 | D:2      | Found a hide-covered altar of Uskayaw.
  2035 | D:3      | Noticed a kobold brigand
  2044 | D:3      | Gained mutation: You regenerate health from kills. [demonic
                  | ancestry]
  2044 | D:3      | Reached XP level 4. HP: 24/30 MP: 1/7
  2051 | D:3      | Killed a kobold brigand
  2052 | D:3      | Reached skill level 6 in Conjurations
  2189 | D:3      | Found an ornate altar of the Wu Jian Council.
  2359 | D:3      | Identified the +1 war axe "Wats" {flame, Fly rElec Will-
                  | Int+2}
  2483 | D:3      | Gained mutation: You have a tail ending in a sharp stinger.
                  | [demonic ancestry]
  2483 | D:3      | Reached XP level 5. HP: 35/35 MP: 8/8
  2554 | D:3      | Found a shadowy altar of Dithmenos.
  2628 | D:3      | Noticed Terence
  2634 | D:3      | Killed Terence
  3110 | D:3      | Found a faded altar of an unknown god.
  3376 | D:4      | Reached skill level 7 in Conjurations
  3446 | D:4      | Noticed Menkaure
  3452 | D:4      | Killed Menkaure
  3453 | D:4      | Reached XP level 6. HP: 31/41 MP: 3/9
  4125 | D:4      | Upgraded the game from 0.30-a0-881-g1ff12e1e11 to
                  | 0.30-a0-883-g5ad918d77d
  4171 | D:5      | Entered Level 5 of the Dungeon
  4192 | D:5      | Reached skill level 8 in Conjurations
  4586 | D:5      | Gained mutation: You are partially covered in sharp spines.
                  | [demonic ancestry]
  4586 | D:5      | Reached XP level 7. HP: 42/46 MP: 6/10
  4586 | D:5      | Quit the game

Illustrated notes

Levels and vault maps discovered:
D:1:      dpeg_arrival_water_temple_mockup, layout_basic
D:2:      layout_basic, basic_altar, dreamdust_wishing_well,
          serial_bayou_pond_c, st_stairs_4
D:3:      cheibrodos_thug_alley, layout_loops_corners,
          mainiacjoe_overflow_small_starburst, grunt_dithmenos_smoke,
          lemuel_tele_altar, dreamdust_ecumenical_altar_hidden_monk_grotto,
          grunt_ministairs_13, kennysheep_generic_room_2, uniq_terence
D:4:      layout_loops_cross, uniq_menkaure
D:5:      layout_loops_cross, chequers_jeans, st_stairs_6, minmay_misc_feat_x,
          minmay_tree_intersection, minmay_misc_feat_rugged

Skill      XL: |  1  2  3  4  5  6 |
---------------+-------------------+-----
Conjurations   | 5 6 7 8 |  8.6
Dodging        | |  1.7
Stealth        | |  1.7
Spellcasting   | |  2.0

Action                     |  1- 3 |  4- 6 |  7- 9 || total
---------------------------+-------+-------+-------++-------
  Melee: Staff             |    74 |       |       ||    74
         Punch             |     1 |       |       ||     1
         Tailslap          |     1 |       |       ||     1
         War axe           |       |    49 |       ||    49
   Cast: Magic Dart        |    12 |     1 |       ||    13
         Searing Ray       |    15 |    16 |       ||    31
    Use: Potion            |     1 |     3 |       ||     4
         Scroll            |     1 |       |       ||     1
   Stab: Sleeping          |     1 |     1 |       ||     2
 Armour: Robe              |    33 |     3 |       ||    36
         Leather armour    |       |    24 |       ||    24
  Dodge: Dodged            |    82 |    43 |       ||   125

Table legend: (Time is in decaauts)
 A = Elapsed time spent in this place.
 B = Non-inter-level travel time spent in this place.
 C = Inter-level travel time spent in this place.
 D = Time resting spent in this place.
 E = Time spent auto-exploring this place.
 F = Levels seen in this place.
 G = Mean time per level.
                   A        B        C        D        E       F      G
               +--------+--------+--------+--------+--------+-----+--------+
         Total |   4632 |   4480 |    152 |    349 |   3432 |   5 |  926.4 |
       Dungeon |   4632 |   4480 |    152 |    349 |   3432 |   5 |  926.4 |
               +--------+--------+--------+--------+--------+-----+--------+

Top non-repeatable levels by time:
     D:3: 1592 daAuts
     D:1: 901 daAuts
     D:2: 895 daAuts
     D:4: 827 daAuts
     D:5: 414 daAuts
